 Dungeon Crawl Stone Soup version 0.19-a0-14-gde87d98 (webtiles) character file.

66 Mefis the Magician (level 3, -4/19 HPs)
             Began as a Deep Elf Wizard on Apr 29, 2016.
             Slain by a gnoll
             ... wielding a +0 spear
              (12 damage)
             ... on level 2 of the Dungeon.
             The game lasted 00:04:17 (1844 turns).

Mefis the Magician (Deep Elf Wizard)                Turns: 1844, Time: 00:04:17

Health: -4/19      AC:  3    Str:  4    XL:     3   Next: 96%
Magic:  2/11       EV: 13    Int: 23    God:
Gold:   90         SH:  0    Dex: 13    Spells: 5 memorised, 2 levels left

rFire  . . .     SeeInvis .     (no weapon)
rCold  . . .     Gourm    .     a - +0 robe
rNeg   . . .     Faith    .     (no shield)
rPois  .         Spirit   .     g - +0 helmet
rElec  .         Dismiss  .     (no cloak)
rCorr  .         Reflect  .     (no gloves)
SustAt .         Harm     .     (no boots)
MR     .....                    (no amulet)
Stlth  ++........               (no ring)
                                (no ring)

@: not resistant to hostile enchantments, unstealthy
A: no striking features
a: no special abilities


You were on level 2 of the Dungeon.
You were hungry.

You visited 1 branch of the dungeon, and saw 2 of its levels.

You collected 90 gold pieces.

Inventory:

Missiles
 i - 8 poisoned javelins (quivered)
Armour
 a - a +0 robe (worn)
 b - a +0 hat
 g - a +0 helmet (worn)
Jewellery
 e - an uncursed amulet of magic regeneration {unknown}
Scrolls
 j - a scroll of teleportation {unknown}
 k - 2 scrolls of remove curse {unknown}
 l - a scroll of random uselessness {unknown}
Potions
 f - a potion of haste {unknown}
 o - a potion of flight {unknown}
Books
 c - a book of Minor Magic

   Spells                             Type                      Level
   a - Magic Dart                     Conjuration                  1
   b - Blink                          Translocation                2
   c - Call Imp                       Summoning                    2
   d - Repel Missiles                 Charms/Air                   2
   e - Slow                           Hexes                        2
   f - Conjure Flame                  Conjuration/Fire             3
   g - Mephitic Cloud                 Conjuration/Poison/Air       3
 m - a book of Party Tricks

   Spells                             Type                      Level
   a - Summon Butterflies             Summoning                    1
   b - Apportation                    Translocation                1
   c - Tukima's Dance                 Hexes                        3
   d - Alistair's Intoxication        Transmutation/Poison         5
   e - Invisibility                   Hexes                        6
Comestibles
 d - 4 bread rations
 h - a meat ration
 n - a royal jelly


   Skills:
 + Level 2.8 Dodging
 + Level 2.7 Stealth
 + Level 5.4 Spellcasting
 + Level 1.9 Conjurations
 + Level 1.5 Charms
 + Level 1.7 Summonings
 + Level 1.4 Translocations


You had 2 spell levels left.
You knew the following spells:

 Your Spells              Type           Power        Failure   Level  Hunger
a - Magic Dart            Conj           ###.         4%          1    None
b - Call Imp              Summ           ##......     10%         2    None
c - Blink                 Tloc           N/A          10%         2    None
d - Repel Missiles        Chrm/Air       #.....       12%         2    None
e - Mephitic Cloud        Conj/Pois/Air  #.......     24%         3    ##.....


Dungeon Overview and Level Annotations

Branches:
Dungeon (2/15)

Altars:
Ru


Message History

The gnoll is severely wounded.
The gnoll barely misses you.
Casting: Magic Dart
Confirm with . or Enter, or press ? or * to list all spells.
Aiming: Magic Dart
Press: ? - help, Shift-Dir - straight line, f/p - gnoll
Aim: a gnoll, wielding a spear (severely wounded)
The magic dart hits the gnoll.
The gnoll is severely wounded.
The gnoll hits you from afar with a spear!
Casting: Magic Dart
Confirm with . or Enter, or press ? or * to list all spells.
Aiming: Magic Dart
Press: ? - help, Shift-Dir - straight line, f/p - gnoll
Aim: a gnoll, wielding a spear (severely wounded)
The magic dart hits the gnoll.
The gnoll is almost dead.
The gnoll hits you from afar with a spear!
Ouch! That really hurt!
You die...

#...# #. ##..# #.
#).# #g
###########... #.
#............. #.
#.#########..#
#g####.#########..#
#................>.
#.@###.###########.
#..# #.# #> #..#
#.# #. #..# #.# ##
#..# #.# .... #.# .
...# #.# # #...#


You could see 2 gnolls.

Vanquished Creatures
  A gnoll (D:2)
  2 oozes (D:2)
  2 worms (D:2)
  2 dart slugs (D:1)
  A giant gecko (D:1)
  5 bats
  A giant cockroach (D:1)
  4 goblins
  3 hobgoblins
  A ball python (D:1)
  2 giant newts (D:1)
  9 kobolds
  8 rats
41 creatures vanquished.

Notes
Turn   | Place    | Note
--------------------------------------------------------------
     0 | D:1      | Mefis the Deep Elf Wizard began the quest for the Orb.
     0 | D:1      | Reached XP level 1. HP: 10/10 MP: 7/7
   283 | D:1      | Reached skill level 5 in Spellcasting
   295 | D:1      | Reached XP level 2. HP: 15/15 MP: 8/10
   299 | D:1      | Learned a level 2 spell: Call Imp
   302 | D:1      | Learned a level 2 spell: Blink
   305 | D:1      | Learned a level 2 spell: Repel Missiles
  1106 | D:2      | Reached XP level 3. HP: 19/19 MP: 8/11
  1111 | D:2      | Learned a level 3 spell: Mephitic Cloud
  1257 | D:2      | Reached skill level 1 in Charms
  1300 | D:2      | Found a sacrificial altar of Ru.
  1844 | D:2      | Slain by a gnoll

Vault maps used:
D:1:      kilobyte_arrival_exit_the_forest
D:2:      old_standard_altar, first_bread, minmay_misc_feat_pillars

Skill      XL: |  1  2  3 |
---------------+----------+-----
Spellcasting   | 5 |  5.4
Charms         | 1 |  1.5
Dodging        | |  2.8
Stealth        | |  2.7
Conjurations   | |  1.9
Summonings     | |  1.7
Translocations | |  1.4

Action                   || total
-------------------------++-------
 Cast: Magic Dart        ||   108
       Repel Missiles    ||     1
       Mephitic Cloud    ||     2
  Eat: Chunk             ||     2
Armor: Robe              ||     3
Dodge: Dodged            ||     7
       Deflected         ||     1
